 Dungeon Crawl Stone Soup version 0.31-a0-774-g0d66cbabe8 (webtiles) character file.

Game seed: 12896626922848346229

63 cforsyth the Sneak (level 4, -6/37 HPs)
             Began as a Djinni Delver on Sept 17, 2023.
             Mangled by a worm (9 damage)
             ... on level 5 of the Dungeon.
             The game lasted 00:00:42 (155 turns).

cforsyth the Sneak (Djinni Delver)                   Turns: 155, Time: 00:00:42

Health: -6/37      AC: 10    Str: 11    XL:     4   Next: 31%
Gold:   0          EV: 11    Int: 14    God:
                   SH:  0    Dex: 19

rFire   + + .        a - +0 falchion
rCold   x . .        (no shield)
rNeg    . . .        i - +5 ring mail of Mampeon {rCorr Dex+5}
rPois   ∞            (no helmet)
rElec   .            (no cloak)
rCorr   +            (no gloves)
SInv    .            (boots unavailable)
Will    .....        (no amulet)
Stlth   ++           (no ring)
HPRegen 0.26/turn    (no ring)
MPRegen 0.00/turn

%: infuse magic (-7 HP)
@: flying
A: sickness immunity, fire resistance 2, cold vulnerability 1, float, innate
caster, HP casting, extra vitality 1
a: no special abilities


You were on level 5 of the Dungeon.
You visited 1 branch of the dungeon, and saw 1 of its levels.

Inventory:

Hand Weapons
 a - a +0 falchion (weapon)
Armour
 b - a +0 leather armour
 i - the +5 ring mail of Mampeon (worn) {rCorr Dex+5}
   (You found it on level 5 of the Dungeon)

   Dex+5:     It affects your dexterity (+5).
   rCorr:     It protects you from acid and corrosion.
Wands
 g - a wand of digging (3)
Scrolls
 c - a scroll of fog
 d - a scroll of revelation
 e - a scroll of fear
Potions
 f - a potion of haste


   Skills:
 + Level 4.0 Fighting
 - Level 1.7 Long Blades
 - Level 2.1 Dodging
 - Level 4.1 Stealth
 + Level 1.6 Spellcasting
 + Level 1.6 Conjurations
 + Level 1.6 Hexes
   Level 0.0 Charms
 + Level 1.6 Summonings
 + Level 1.6 Necromancy
 + Level 1.6 Translocations
 + Level 1.6 Transmutations
 + Level 1.6 Fire Magic
 + Level 1.6 Ice Magic
 + Level 1.6 Air Magic
 + Level 1.6 Earth Magic
 + Level 1.6 Poison Magic


You knew the following spells:

 Your Spells              Type           Power      Damage    Failure   Level
a - Necrotise             Necr           20%        1d5       30%         1
Your spell library was empty.

Dungeon Overview and Level Annotations

Branches:
Dungeon (5/15)
 Temple: D:4-7

Altars:


Innate Abilities, Weirdness & Mutations

You are immune to sickness and miasma.
You are immune to poison.
Your flesh is very heat resistant. (rF++)
You are vulnerable to cold. (rC-)
You float through the air rather than walking.
You learn spells naturally, not from books.
Your magical power is your life essence.
You have superior vitality. (+4 MHP)


Message History

Your Hexes skill increases to level 1!
Your Summonings skill increases to level 1!
Your Necromancy skill increases to level 1!
Your Translocations skill increases to level 1!
Your Transmutations skill increases to level 1!
Your Fire Magic skill increases to level 1!
Your Ice Magic skill increases to level 1!
Your Air Magic skill increases to level 1!
Your Earth Magic skill increases to level 1!
Your Poison Magic skill increases to level 1!
You have reached level 2!
You have reached level 3!
Your experience leads to an increase in your attributes!
Your base attributes are Str 11, Int 11, Dex 14.
Increase (S)trength, (I)ntelligence, or (D)exterity?
You feel clever. x2
The power to cast Necrotise wells up from within.
Spell assigned to 'a'.
You have reached level 4!
You feel clever.
Unknown command.
You hit the worm but do no damage. You barely miss the worm.
The worm closely misses you.
You hit the worm.
The worm is moderately wounded.
The worm barely misses you.
You hit the worm but do no damage.
The worm is moderately wounded.
The worm bites you!
* * * LOW HITPOINT WARNING * * *
You barely miss the worm.
The worm is lightly wounded.
You completely miss the worm.
The worm is lightly wounded.
The worm bites you!
* * * LOW HITPOINT WARNING * * *
You slash the worm!
The worm is heavily wounded.
The worm bites you!
You die...

####### ..
.......####.#
#.
#.........#.#
#.
..#.#.#.#.#.#
#.
#...........#
#.
#.#.#.#.#.#$#
#.........#.#
#.#.#.#.#.#.#
#.......w.#@#
#.#.#.#.#.#w#
#....$......#
#####......##
########


You could see a worm.

Vanquished Creatures
  A scorpion (D:5)
  An ufetubus (D:5)
2 creatures vanquished.

Notes
Turn   | Place    | Note
-------+----------+-------------------------------------------
     0 | D:5      | cforsyth the Djinni Delver began the quest for the Orb.
     0 | D:5      | Reached XP level 1. HP: 20/20 MP: 0/0
    12 | D:5      | Identified the +5 ring mail of Mampeon {rCorr Dex+5}
    97 | D:5      | Noticed an iguana
    98 | D:5      | Noticed a scorpion
   120 | D:5      | Noticed a yak
   121 | D:5      | Noticed a yak
   122 | D:5      | Noticed a yak
   124 | D:5      | Noticed a yak
   125 | D:5      | Noticed a scorpion
   148 | D:5      | Killed a scorpion
   149 | D:5      | Reached skill level 1 in Spellcasting
   149 | D:5      | Reached skill level 1 in Conjurations
   149 | D:5      | Reached skill level 1 in Hexes
   149 | D:5      | Reached skill level 1 in Summonings
   149 | D:5      | Reached skill level 1 in Necromancy
   149 | D:5      | Reached skill level 1 in Translocations
   149 | D:5      | Reached skill level 1 in Transmutations
   149 | D:5      | Reached skill level 1 in Fire Magic
   149 | D:5      | Reached skill level 1 in Ice Magic
   149 | D:5      | Reached skill level 1 in Air Magic
   149 | D:5      | Reached skill level 1 in Earth Magic
   149 | D:5      | Reached skill level 1 in Poison Magic
   149 | D:5      | Reached XP level 2. HP: 13/26 MP: 0/0
   149 | D:5      | Reached XP level 3. HP: 15/31 MP: 0/0
   149 | D:5      | Learned a level 1 spell: Necrotise
   149 | D:5      | Reached XP level 4. HP: 18/37 MP: 0/0
   155 | D:5      | Mangled by a worm

Illustrated notes

Levels and vault maps discovered:
D:5:      layout_loops_ring, nemelex_dance_club_becter,
          minmay_temple_entry_junction, serial_glass, glass_columns_c,
          glass_columns_b, uniq_pikel

Skill      XL: |  1 |
---------------+----+-----
Fighting       | 4 |  4.0
Spellcasting   | 1 |  1.6
Conjurations   | 1 |  1.6
Hexes          | 1 |  1.6
Summonings     | 1 |  1.6
Necromancy     | 1 |  1.6
Translocations | 1 |  1.6
Transmutations | 1 |  1.6
Fire Magic     | 1 |  1.6
Ice Magic      | 1 |  1.6
Air Magic      | 1 |  1.6
Earth Magic    | 1 |  1.6
Poison Magic   | 1 |  1.6
Long Blades    | |  1.7
Dodging        | |  2.1
Stealth        | |  4.1

Action                     |  1- 3 |  4- 6 || total
---------------------------+-------+-------++-------
  Melee: Falchion          |    18 |     7 ||    25
         Punch             |     1 |       ||     1
    Use: Scroll            |     1 |       ||     1
 Armour: Ring mail         |    12 |     3 ||    15
  Dodge: Dodged            |    12 |     2 ||    14

Table legend: (Time is in decaauts)
 A = Elapsed time spent in this place.
 B = Non-inter-level travel time spent in this place.
 C = Inter-level travel time spent in this place.
 D = Time resting spent in this place.
 E = Time spent auto-exploring this place.
 F = Levels seen in this place.
 G = Mean time per level.
                   A        B        C        D        E       F      G
               +--------+--------+--------+--------+--------+-----+--------+
         Total |    159 |    159 |      0 |      0 |     75 |   1 |  159.0 |
       Dungeon |    159 |    159 |      0 |      0 |     75 |   1 |  159.0 |
               +--------+--------+--------+--------+--------+-----+--------+

Top non-repeatable levels by time:
     D:5: 159 daAuts
